 Dungeon Crawl Stone Soup version 0.27-a0-1273-gec92ba881d (webtiles) character file.

Game seed: 7483405983017274151

221 ZappyNine the Conjurer (level 5, -3/40 HPs)
             Began as a Demigod Conjurer on June 11, 2021.
             Slain by a river rat (5 damage)
             ... in a sewer.
             The game lasted 00:04:37 (4262 turns).

ZappyNine the Conjurer (Demigod Conjurer)           Turns: 4262, Time: 00:04:38

Health: -3/40      AC:  6    Str:  8    XL:     5   Next: 38%
Magic:  5/13       EV: 12    Int: 24    God:
Gold:   37         SH:  0    Dex: 12    Spells: 8/11 levels left

rFire    + . .     SeeInvis .   b - +0 short sword
rCold    + . .     Faith    +   (no shield)
rNeg     . . .     Spirit   .   a - +0 robe
rPois    +         Reflect  .   h - +2 helmet
rElec    +         Harm     .   e - +0 cloak
rCorr    +         Rampage  .   (no gloves)
Will     .....                  (no boots)
Stlth    ++........             g - amulet of faith
HPRegen  0.13/turn              (no ring)
MPRegen  0.13/turn              (no ring)

@: resistant
A: high mp 1, forlorn
a: no special abilities


You were in a sewer.
You visited 1 branch of the dungeon, and saw 3 of its levels.
You also visited: Sewer.

You collected 107 gold pieces.
You spent 70 gold pieces at shops.

Inventory:

Hand Weapons
 b - a +0 short sword (weapon)
Armour
 a - a +0 robe (worn)
 e - a +0 cloak (worn)
 h - a +2 helmet (worn)
Jewellery
 g - an amulet of faith (around neck)
Scrolls
 c - a scroll of immolation {unknown}
 f - a scroll of enchant weapon {unknown}
 j - a scroll of teleportation
 k - a scroll of amnesia {unknown}
 l - a scroll of magic mapping {unknown}
 n - a scroll of identify
Potions
 d - a potion of resistance
 i - a potion of degeneration {unknown}
 m - 2 potions of heal wounds {unknown}


   Skills:
 + Level 1.1 Fighting
 - Level 1.7 Dodging
 - Level 1.7 Stealth
 + Level 3.5 Spellcasting
 + Level 5.1 Conjurations


You had 8 spell levels left.
You knew the following spells:

 Your Spells              Type           Power      Damage    Failure   Level
a - Magic Dart            Conj           100%       1d8       1%          1
b - Searing Ray           Conj           56%        3d5       1%          2

Your spell library contained the following spells:

 Spells                   Type           Power      Damage    Failure   Level
 Dazzling Flash           Conj/Hex       32%        N/A       11%         3
 Fulminant Prism          Conj/Hex       8%         3d7       34%         4
 Iskenderun's Mystic Bla  Conj/Tloc      16%        2d5       34%         4


Dungeon Overview and Level Annotations

Branches:
Dungeon (3/15)              Sewer (1/1)

Shops:
D:3 ?


Innate Abilities, Weirdness & Mutations

Your attributes grow dramatically as you level up.
You have an increased reservoir of magic. (+10% MP)
You shall have no god before yourself.


Message History

The adder bites you.
Unknown command.
Unknown command.
The searing ray hits the adder!
You kill the adder!
You finish channeling your searing ray.
A river rat comes into view.
Unknown command.
Unknown command.
You see here an adder corpse.
You closely miss the rat. The rat bites you.
You hit the rat.
The rat is moderately wounded.
The rat barely misses you.
You hit the rat.
You kill the rat!
The river rat bites you.
You closely miss the river rat. The river rat bites you.
The river rat bites you but does no damage.
The river rat bites you. The river rat bites you! The river rat bites you.
* * * LOW HITPOINT WARNING * * *
You see here an adder corpse.
Casting: Searing Ray (safe; 1% risk of failure)
Confirm with . or Enter, or press ? or * to list all spells.
Aiming: Searing Ray (safe; 1% risk of failure)
Press: ? - help, Shift-Dir - straight line, f - river rat
Aim: a river rat (77% to hit)
The searing ray hits the river rat but does no damage. (Press . to maintain the ray.)
The river rat bites you but does no damage.
The river rat bites you!
* * * LOW HITPOINT WARNING * * *
Unknown command.
Unknown command.
You feel protected. The river rat bites you.
* * * LOW HITPOINT WARNING * * *
The river rat bites you.
You die...

#..#...≈≈≈≈≈≈..#
##......≈≈≈≈≈≈.##
#.....≈≈≈≈≈≈≈..#
##....≈≈≈≈≈≈....
##.......≈≈.....
##.......≈≈≈≈....
##........≈≈≈≈....
#..#....rr≈≈≈≈...r
#.###...@r.≈≈≈....
#∩###÷÷...≈≈≈≈....
####.÷.....≈≈≈..##
##.....≈≈≈≈..##
#.....≈.≈≈≈≈.#
##......≈≈≈≈≈..#
#......≈≈≈≈≈≈≈...
#.......≈≈≈≈≈....
#.....≈.≈≈≈≈≈....


You could see 2 river rats and a rat.

Vanquished Creatures
  Natasha (twice) (D:2)
  Robin (D:2)
  6 adders
  2 river rats (Sewer)
  2 worms (D:2)
  A dart slug (D:1)
  3 orcs
  5 ball pythons
  5 endoplasms
  3 giant cockroaches
  10 goblins
  6 hobgoblins
  5 jackals
  5 quokkas
  2 bats
  4 frilled lizards
  13 kobolds
  11 rats
86 creatures vanquished.

Vanquished Creatures (others)
  4 fungi (D:2)
  2 plants (D:2)
6 creatures vanquished.

Grand Total: 92 creatures vanquished

Notes
Turn   | Place    | Note
-------+----------+-------------------------------------------
     0 | D:1      | ZappyNine the Demigod Conjurer began the quest for the Orb.
     0 | D:1      | Reached XP level 1. HP: 14/14 MP: 5/5
   441 | D:1      | Reached XP level 2. HP: 9/20 MP: 0/7
   509 | D:1      | Learned a level 2 spell: Searing Ray
   806 | D:1      | Reached skill level 4 in Conjurations
  1640 | D:1      | Reached XP level 3. HP: 26/26 MP: 6/9
  2072 | D:2      | Noticed Natasha
  2075 | D:2      | Killed Natasha
  2358 | D:2      | Noticed Robin
  2361 | D:2      | Killed Robin
  2362 | D:2      | Reached XP level 4. HP: 33/33 MP: 7/11
  3304 | D:2      | Noticed Natasha
  3308 | D:2      | Killed Natasha
  3470 | D:3      | Found Winkirr's Magic Scroll Shoppe.
  3480 | D:3      | Bought a scroll of identify for 28 gold pieces
  3481 | D:3      | Bought a scroll of teleportation for 42 gold pieces
  3880 | D:3      | Found a glowing drain.
  3889 | Sewer    | Entered a sewer
  3919 | Sewer    | Reached XP level 5. HP: 39/39 MP: 8/13
  4044 | Sewer    | Reached skill level 5 in Conjurations
  4212 | Sewer    | Reached skill level 1 in Fighting
  4262 | Sewer    | HP: 2/40 [river rat (2)]
  4262 | Sewer    | Slain by a river rat

Illustrated notes

Levels and vault maps discovered:
D:1:      zaba_arrival_water, layout_loops_ring, minmay_hexomino_f4
D:2:      layout_loops_corners, shapermc_ecumenical_altar_hornbeckon,
          chequers_decorated_corner, minmay_close_crescents, uniq_natasha,
          uniq_robin
D:3:      layout_basic, portal_sewer_entry_d, serial_shops, shop, uniq_grinder
Sewer:    sewer_minmay_treatment

Skill      XL: |  1  2  3  4  5 |
---------------+----------------+-----
Spellcasting   | 2 3 |  3.5
Conjurations   | 4 5 |  5.1
Fighting       | 1 |  1.1
Dodging        | |  1.7
Stealth        | |  1.7

Action                   |  1- 3 |  4- 6 || total
-------------------------+-------+-------++-------
Melee: Short sword       |    54 |    46 ||   100
       Unarmed           |     3 |       ||     3
 Cast: Magic Dart        |    14 |       ||    14
       Searing Ray       |    20 |    20 ||    40
  Use: Scroll            |       |     1 ||     1
       Potion            |       |     1 ||     1
 Stab: Sleeping          |     1 |     2 ||     3
Armor: Robe              |    18 |    23 ||    41
Dodge: Dodged            |    48 |    41 ||    89

Table legend: (Time is in decaauts)
 A = Elapsed time spent in this place.
 B = Non-inter-level travel time spent in this place.
 C = Inter-level travel time spent in this place.
 D = Time resting spent in this place.
 E = Time spent auto-exploring this place.
 F = Levels seen in this place.
 G = Mean time per level.
                   A        B        C        D        E       F      G
               +--------+--------+--------+--------+--------+-----+--------+
         Total |   4286 |   4202 |     84 |    257 |   3414 |   4 | 1071.5 |
       Dungeon |   3912 |   3828 |     84 |    231 |   3151 |   3 | 1304.0 |
         Sewer |    374 |    374 |      0 |     26 |    263 |   1 |  374.0 |
               +--------+--------+--------+--------+--------+-----+--------+

Top non-repeatable levels by time:
     D:1: 1908 daAuts
     D:2: 1476 daAuts
     D:3: 527 daAuts
   Sewer: 374 daAuts
